 Dungeon Crawl Stone Soup version 0.21.1-1-g345015f (webtiles) character file.

133 yevrey the Ruffian (level 4, 0/37 HPs)
             Began as a Draconian Transmuter on Apr 2, 2018.
             Slain by Grinder (3 damage)
             ... while paralysed by Grinder
             ... on level 3 of the Dungeon.
             The game lasted 00:07:20 (2015 turns).

yevrey the Ruffian (Draconian Transmuter)           Turns: 2015, Time: 00:07:20

Health: 0/37       AC:  2    Str: 13    XL:     4   Next: 94%
Magic:  1/7        EV:  5    Int: 14    God:
Gold:   70         SH:  0    Dex: 16    Spells: 2/8 levels left

rFire    . . .     SeeInvis .     - Unarmed
rCold    . . .     Gourm    .   (shield currently unavailable)
rNeg     . . .     Faith    .   (armour unavailable)
rPois    x         Spirit   .   (helmet currently unavailable)
rElec    .         Reflect  .   (cloak currently unavailable)
rCorr    .         Harm     .   (gloves currently unavailable)
MR       .....                  (boots currently unavailable)
Stlth    +.........             (no amulet)
HPRegen  0.12/turn              (no ring)
MPRegen  0.10/turn              (no ring)

@: paralysed, spider-form, very slightly contaminated
A: tiny, unfitting armour, AC +5
a: End Transformation


You were on level 3 of the Dungeon.
You were not hungry.
You were a venomous arachnid creature.
You visited 1 branch of the dungeon, and saw 4 of its levels.

You collected 70 gold pieces.

Inventory:

Missiles
 a - 12 arrows
 h - 4 curare-tipped needles
Armour
 n - a scarf of resistance
 r - a +0 pair of boots (melded)
Jewellery
 f - a +4 amulet of reflection {unknown}
Wands
 p - a wand of iceblast (14)
Scrolls
 d - a scroll of identify {unknown}
 l - a scroll of remove curse {unknown}
 m - a scroll of amnesia {unknown}
 q - a scroll of noise {unknown}
 u - a scroll of magic mapping {unknown}
 v - a scroll of teleportation {unknown}
Potions
 e - a potion of degeneration {unknown}
 g - a potion of mutation {unknown}
 i - a potion of agility {unknown}
 j - a potion of invisibility {unknown}
 o - 2 potions of might
 s - a potion of curing {unknown}
 t - a potion of haste {unknown}
Books
 b - a book of Changes

   Spells                             Type                      Level
   a - Beastly Appendage              Transmutation                1
   b - Sticks to Snakes               Transmutation                2
   c - Spider Form                    Transmutation/Poison         3
   d - Ice Form                       Ice/Transmutation            4
   e - Blade Hands                    Transmutation                5
Comestibles
 c - 6 rations
 k - 2 chunks of flesh


   Skills:
 * Level 2.4 Fighting
 - Level 1.7 Dodging
 + Level 4.1 Unarmed Combat
 + Level 2.6 Spellcasting
 + Level 2.7 Transmutations
 * Level 1.1 Poison Magic


You had 2 spell levels left.
You knew the following spells:

 Your Spells              Type           Power        Failure   Level  Hunger
a - Beastly Appendage     Tmut           #.....       19%         1    #......
b - Sticks to Snakes      Tmut           #.......     26%         2    ###....
c - Spider Form           Tmut/Pois      #.........   52%         3    ###....


Dungeon Overview and Level Annotations

Branches:
Dungeon (4/15)
 Temple: D:4-7

Altars:
Yredelemnul

Annotations:
D:3 Grinder
D:4 Eustachio


Innate Abilities, Weirdness & Mutations

((Your plain brown scales are hard. (AC +5)))
You cannot fit into any form of body armour.
((You are cold-blooded and may be slowed by cold attacks.))


Message History

Casting: Spider Form
Confirm with . or Enter, or press ? or * to list all spells.
You miscast Spider Form.
You are very lightly contaminated with residual magic.
Your skin glows momentarily.
Casting: Spider Form
Confirm with . or Enter, or press ? or * to list all spells.
You turn into a venomous arachnid creature.
Your +0 pair of boots melds into your body.
Grinder hits you!
You writhe in agony.
You bite Grinder!
Grinder is lightly wounded.
Grinder gestures at you.
You suddenly lose the ability to move!
Grinder hits you!
You writhe in agony.
* * * LOW HITPOINT WARNING * * *
Grinder hits you!
* * * LOW HITPOINT WARNING * * *
You writhe in agony.
You die...

#........#
#.#........#
#........#
#.########.#
###+###### #.# #.#
#.# #.# #.# # #.# .
#.# ######## #.#
#.5s...##########.#
###########
#.####............#
#.........# #+#
##############
#..<......+ ...
#.........# #....
#.........# #5...#
........... #....#
....######. #....#
##... #....#


You could see Grinder.

Vanquished Creatures
  Robin (D:2)
  2 adders (D:2)
  3 gnolls (D:2)
  4 dart slugs
  2 leopard geckos
  An orc (D:3)
  A ball python (D:2)
  2 giant cockroaches
  13 goblins
  10 hobgoblins
  6 kobolds
  8 bats
  5 frilled lizards
  6 rats
64 creatures vanquished.

Notes
Turn   | Place    | Note
-------+----------+-------------------------------------------
     0 | D:1      | yevrey the Draconian Transmuter began the quest for the Orb.
     0 | D:1      | Reached XP level 1. HP: 16/16 MP: 3/3
    62 | D:1      | Reached XP level 2. HP: 15/23 MP: 3/5
    72 | D:1      | Learned a level 2 spell: Sticks to Snakes
   547 | D:1      | Reached XP level 3. HP: 29/29 MP: 4/6
   552 | D:1      | Learned a level 3 spell: Spider Form
  1004 | D:2      | Found a basalt altar of Yredelemnul.
  1151 | D:2      | Reached XP level 4. HP: 29/36 MP: 3/7
  1225 | D:2      | Noticed Robin
  1306 | D:2      | Killed Robin
  1328 | D:2      | Reached skill level 4 in Unarmed Combat
  1575 | D:2      | Reached skill level 1 in Poison Magic
  1892 | D:4      | Noticed Eustachio
  2005 | D:3      | Noticed Grinder
  2013 | D:3      | Paralysed by Grinder for 7 turns
  2015 | D:3      | Slain by Grinder

Skill      XL: |  1  2  3  4 |
---------------+-------------+-----
Fighting       | 2 |  2.4
Unarmed Combat | 4 |  4.1
Poison Magic   | 1 |  1.1
Dodging        | |  1.7
Spellcasting   | |  2.6
Transmutations | |  2.7

Action                   |  1- 3 |  4- 6 || total
-------------------------+-------+-------++-------
Melee: Unarmed           |   106 |    81 ||   187
       Tailslap          |    12 |     4 ||    16
       Kick              |    12 |     3 ||    15
       Headbutt          |     5 |     2 ||     7
 Cast: Beastly Appendage |    18 |     6 ||    24
       Spider Form       |     3 |     7 ||    10
 Stab: Sleeping          |     1 |       ||     1
  Eat: Chunk             |     2 |     4 ||     6
Armor: Skin              |    23 |    33 ||    56
Dodge: Dodged            |    66 |    70 ||   136
